 Dungeon Crawl Stone Soup version 0.19-a0-1002-g674d22e (webtiles) character file.

728 mistymad the Skirmisher (level 8, -1/64 HPs)
             Began as a Formicid Abyssal Knight on July 18, 2016.
             Was a High Priest of Lugonu.
             Slain by Menkaure (5 damage)
             ... on level 4 of the Dungeon.
             The game lasted 00:20:22 (6019 turns).

mistymad the Skirmisher (Formicid Abyssal Knight)   Turns: 6019, Time: 00:20:23

Health: -1/64      AC: 13    Str: 21 (24) XL:     8   Next: 3%
Magic:  9/9        EV:  7    Int: 15 (17) God:    Lugonu [*****.]
Gold:   160        SH:  0    Dex:  7 (10) Spells: 0 memorised, 7 levels left

rFire  . . .     SeeInvis +     a - +2 hand axe
rCold  . . .     Gourm    .     j - +1 chain mail of Contentment {Regen+}
rNeg   . . .     Faith    .     (no shield)
rPois  .         Spirit   .     (helmet unavailable)
rElec  .         Dismiss  .     k - +1 cloak
rCorr  .         Reflect  .     (no gloves)
SustAt .         Harm     .     n - +0 pair of boots
MR     .....                    (no amulet)
Stlth  ..........               (no ring)
                                (no ring)

@: mighty, brilliant, heavily drained, not resistant to hostile enchantments,
extremely unstealthy
A: permanent stasis, dig shafts and tunnels, four strong arms, antennae 3
a: Dig, Shaft Self, Depart the Abyss, Bend Space, Banish, Corrupt, Enter the
Abyss, Renounce Religion


You were on level 4 of the Dungeon.
You worshipped Lugonu.
Lugonu was extremely pleased with you.
You were not hungry.

You visited 1 branch of the dungeon, and saw 4 of its levels.
You visited the Abyss 1 time.
You also visited: Sewer.

You collected 160 gold pieces.

Inventory:

Hand Weapons
 a - a +2 hand axe (weapon)
 t - a +0 battleaxe
Armour
 j - the +1 chain mail of Contentment (worn) {Regen+}
   (You found it on level 4 of the Dungeon)

   It increases your rate of regeneration.
 k - a +1 cloak (worn)
 n - a +0 pair of boots (worn)
Wands
 r - a wand of digging (13/24)
Scrolls
 d - a scroll of enchant armour {unknown}
 m - 2 scrolls of remove curse
 o - a scroll of blinking {unknown}
 p - a scroll of identify {unknown}
Potions
 e - a potion of haste
 h - a potion of might
 i - a potion of heal wounds {unknown}
 l - a potion of beneficial mutation {unknown}
 q - 3 potions of mutation {unknown}
Comestibles
 c - 5 bread rations
 g - 3 slices of pizza
 s - 7 chunks of flesh
 u - a beef jerky


   Skills:
 + Level 6.1(4.6) Fighting
 + Level 5.0(3.5) Axes
 + Level 5.7(4.2) Armour
 - Level 0.8(0.0) Dodging
 - Level 2.1(0.8) Invocations


You had 7 spell levels left.
You didn't know any spells.

Dungeon Overview and Level Annotations

Branches:
Dungeon (4/15)
 Temple: D:4-7

Altars:
Ashenzari
Cheibriados

Annotations:
D:3 Grinder
D:4 Menkaure


Innate Abilities, Weirdness & Mutations

You are under a permanent stasis effect.
You can dig through walls and to a lower floor.
Your four strong arms can wield two-handed weapons with a shield.
You have a pair of large antennae on your head. (SInv)


Message History

You take 11 damage, and have 14/64 hp.
Unknown command.
It was a potion of brilliance.
You feel clever all of a sudden. Menkaure hits you!
* * * LOW HITPOINT WARNING * * *
You take 12 damage, and have 2/64 hp.
Okay, then.
It was a potion of degeneration.
There was something very wrong with that liquid.
You feel weakened.
You feel dopey.
You feel clumsy.
Menkaure calls on the powers of darkness!
You feel a surge of unholy energy.
Unknown command.
It was a potion of might.
You feel very mighty all of a sudden.
You slash Menkaure!
Menkaure is severely damaged.
Menkaure hits you.
You die...

##...## #{.## *....#*,,**
##...# ##{.##*.....,,,,*
##..## #...##.......,,,
#...# ###...........#***
#...###.))..........,,,,
##....#..<#.....#...,,,,,
#........##.....#.#,*,,,,
#......##M##...#..#⌠,**+*
##....##@###......#,,,,,,
#.....### ##..#####..,,,
##.....## #..#......,,,
#.#...)####......+,,,_,
####.....#...#...#,,,,,
##........###.#,,,,,
##..........#..,,,,
*****##..####...#⌠.#*+*
*,**....## #...#**#,,,


You could see Menkaure.

Vanquished Creatures
  Eustachio (D:4)
  Blork the orc (D:4)
  2 giant frogs (Sewer)
  A hound (D:4)
  A worker ant (D:4)
  Robin (D:4)
  9 adders
  9 oozes
  5 worms
  3 dart slugs
  13 giant geckos
  2 orcs (D:3)
  13 bats
  10 giant cockroaches
  18 goblins
  16 hobgoblins
  18 jackals
  A quokka (D:3)
  8 ball pythons
  18 giant newts
  8 kobolds
  9 rats
167 creatures vanquished.

Vanquished Creatures (others)
  17 starspawn tentacle segments (Abyss:1)
17 creatures vanquished.

Grand Total: 184 creatures vanquished

Notes
Turn   | Place    | Note
-------+----------+-------------------------------------------
     0 | Abyss:1  | mistymad the Formicid Abyssal Knight began the quest for the Orb.
     0 | Abyss:1  | Reached XP level 1. HP: 18/18 MP: 2/2
    29 | Abyss:1  | Noticed a large abomination
    71 | Abyss:1  | Noticed a small abomination
    76 | Abyss:1  | Noticed a small abomination
    77 | Abyss:1  | Noticed a tentacled starspawn
    81 | D:1      | Escaped the Abyss
   366 | D:1      | Reached XP level 2. HP: 22/24 MP: 3/3
   475 | D:1      | Reached * piety under Lugonu
   532 | D:1      | Reached XP level 3. HP: 8/30 MP: 4/4
  1481 | D:1      | Reached XP level 4. HP: 27/37 MP: 5/5
  1638 | D:2      | Reached ** piety under Lugonu
  1638 | D:2      | Reached skill level 4 in Fighting
  2001 | D:2      | Reached XP level 5. HP: 16/42 MP: 6/6
  3056 | D:2      | Found a snail-covered altar of Cheibriados.
  3356 | D:3      | You fall through a shaft!
  3360 | D:4      | Found a glowing drain.
  3521 | Sewer    | Entered a sewer
  3672 | Sewer    | Reached *** piety under Lugonu
  3720 | Sewer    | Reached XP level 6. HP: 44/49 MP: 7/7
  3953 | Sewer    | Reached **** piety under Lugonu
  3988 | Sewer    | Reached skill level 5 in Fighting
  4240 | Sewer    | Reached XP level 7. HP: 10/56 MP: 8/8
  4567 | D:4      | Reached skill level 5 in Armour
  4644 | D:4      | Noticed Eustachio
  4648 | D:4      | Got a crude chain mail
  4671 | D:3      | Identified the +1 chain mail of Contentment {Regen+} (You found it on level 4 of the Dungeon)
  4817 | D:3      | Noticed Grinder
  5031 | D:3      | Found a shattered altar of Ashenzari.
  5758 | D:4      | Killed Eustachio
  5769 | D:4      | Noticed Menkaure
  5824 | D:4      | Noticed Blork the orc
  5888 | D:4      | Noticed Robin
  5897 | D:4      | Reached ***** piety under Lugonu
  5914 | D:4      | Killed Robin
  5914 | D:4      | Reached skill level 6 in Fighting
  5925 | D:4      | Killed Blork the orc
  5925 | D:4      | Reached XP level 8. HP: 54/64 MP: 9/9
  5929 | D:4      | Reached skill level 5 in Axes
  6016 | D:4      | HP: 2/64 [Menkaure (12)]
  6019 | D:4      | Slain by Menkaure

Vault maps used:
D:1:      sevenhm_arrival_forest_fort_large_2
D:2:      marbit_many_paths, serial_corexii_hall, corexii_hall_statues_i,
          corexii_hall_statues_x, item_on_display_a
D:3:      ashenzari_conservatory_becter, first_bread, grunt_ministairs_2,
          uniq_grinder
D:4:      kennysheep_okawaru_gauntlet, portal_sewer_entry_d,
          evilmike_ruin_ashenzari, uniq_menkaure, uniq_robin,
          uniq_blork_the_orc, uniq_eustachio
Sewer:    sewer_frog_island_02

Skill      XL: |  1  2  3  4  5  6  7  8 |
---------------+-------------------------+-----
Armour         | 3 4 5 |  5.7
Fighting       | 4 5 6 |  6.1
Axes           | 3 4 5 |  5.0
Dodging        | |  0.8
Invocations    | |  2.1

Action                   |  1- 3 |  4- 6 |  7- 9 || total
-------------------------+-------+-------+-------++-------
Melee: Hand axe          |   112 |   341 |   168 ||   621
Invok: Depart the Abyss  |     1 |       |       ||     1
 Abil: Dig               |       |     1 |     2 ||     3
  Use: Scroll            |       |     5 |       ||     5
       Potion            |       |       |     3 ||     3
  Eat: Chunk             |     2 |     9 |     7 ||    18
Armor: Leather armour    |    42 |     4 |       ||    46
       Ring mail         |       |    34 |       ||    34
       Scale mail        |       |   127 |    17 ||   144
       Chain mail        |       |       |   104 ||   104
Dodge: Dodged            |   104 |   206 |    51 ||   361
